 Dungeon Crawl Stone Soup version 0.20.0 (webtiles) character file.

753 MatthieuS the Spear-Bearer (level 7, 0/56 HPs)
             Began as a Merfolk Gladiator on June 4, 2017.
             Was a Believer of Ru.
             Slain by Heartnet's ghost (6 damage)
             ... on level 5 of the Dungeon.
             The game lasted 00:10:07 (3724 turns).

MatthieuS the Spear-Bearer (Merfolk Gladiator)      Turns: 3724, Time: 00:10:08

Health: 0/56       AC:  6    Str: 14    XL:     7   Next: 78%
Magic:  7/7        EV: 14    Int:  9    God:    Ru [**....]
Gold:   199        SH:  0    Dex: 16    Spells: 6/6 levels left

rFire    . . .     SeeInvis .   i - +0 halberd
rCold    . . .     Gourm    .   (shield currently unavailable)
rNeg     . . .     Faith    .   b - +0 leather armour
rPois    .         Spirit   .   c - +0 helmet
rElec    .         Reflect  .   g - +0 cloak
rCorr    .         Harm     .   (no gloves)
MR       .....                  n - +0 pair of boots
Stlth    +.........             (no amulet)
Regen    0.2/turn               (no ring)
MPRegen  0.1/turn               (no ring)

@: no status effects
A: change form in water, swift swim, stealthy swim, inability to use devices
a: Renounce Religion


You were on level 5 of the Dungeon.
You worshipped Ru.
Ru was pleased with you.
You were hungry.

You visited 1 branch of the dungeon, and saw 5 of its levels.

You collected 199 gold pieces.

Inventory:

Hand Weapons
 a - a +0 trident
 i - a +0 halberd (weapon)
Missiles
 d - 3 throwing nets
 h - 4 needles of confusion
 l - 5 javelins (quivered)
Armour
 b - a +0 leather armour (worn)
 c - a +0 helmet (worn)
 g - a +0 cloak (worn)
 n - a +0 pair of boots (worn)
Scrolls
 e - a scroll of fog
 j - a scroll of amnesia
 u - a scroll of remove curse
 v - a scroll of noise {unknown}
Potions
 m - a potion of curing
 s - 2 potions of lignification {unknown}
 t - a potion of agility {unknown}
Comestibles
 f - 4 bread rations
 k - 5 chunks of flesh
 o - 2 royal jellies
 p - 2 meat rations


   Skills:
 + Level 5.6 Fighting
 * Level 10.6 Polearms
 - Level 2.0 Throwing
 - Level 4.0 Dodging


You had 6 spell levels left.
You didn't know any spells.

Dungeon Overview and Level Annotations

Branches:
Dungeon (5/15)
 Temple: D:4-7

Altars:
Cheibriados
Okawaru
Qazlal
Ru
Trog

Annotations:
D:5 Heartnet's ghost, novice DsGl


Innate Abilities, Weirdness & Mutations

You revert to your normal form in water.
You are very nimble and swift while swimming.
You are very stealthy in the water. (Stealth+)
You cannot study or use magical devices.


Message History

Heartnet's ghost is severely damaged.
Heartnet's ghost hits you but does no damage.
Your leather armour prevents you from hitting Heartnet's ghost.
Heartnet's ghost is severely damaged.
Heartnet's ghost barely misses you.
You closely miss Heartnet's ghost.
Heartnet's ghost is severely damaged.
Heartnet's ghost is stunned by your will and fails to attack.
You hit Heartnet's ghost but do no damage.
Heartnet's ghost is severely damaged.
Heartnet's ghost hits you!
You are feeling hungry.
You hit Heartnet's ghost but do no damage.
Heartnet's ghost is severely damaged.
Heartnet's ghost hits you!
* * * LOW HITPOINT WARNING * * *
You hit Heartnet's ghost.
Heartnet's ghost is severely damaged.
Heartnet's ghost hits you.
You die...

#≈≈≈≈W≈≈≈ #.≈≈≈≈≈≈≈
#........ #........
#.#######
#.##############
#.((...........#
########.W...>.#
#.@###..###########
#..# #.............
#..###..#####>#.##.
#.........# #.#.##.
#.........# #.#....
###.......# #.####.
#.......# #......
#.......#####....
#.......#....)##.


You could see Heartnet's ghost.

Vanquished Creatures
  2 ogres (D:4)
  A centaur (D:3)
  2 hounds
  An orc priest (D:4)
  An iguana (D:4)
  4 worker ants (D:4)
  Natasha (thrice) (D:3)
  2 gnolls
  10 adders
  5 worms
  2 dart slugs (D:2)
  2 leopard geckos (D:2)
  8 orcs
  A ball python (D:3)
  6 giant cockroaches
  15 goblins
  8 hobgoblins
  4 jackals (D:2)
  5 kobolds
  3 quokkas
  8 bats
  2 frilled lizards
  A quokka skeleton (D:4)
  11 rats
107 creatures vanquished.

Vanquished Creatures (others)
  An orc priest (D:4)
1 creature vanquished.

Grand Total: 108 creatures vanquished

Notes
Turn   | Place    | Note
-------+----------+-------------------------------------------
     0 | D:1      | MatthieuS the Merfolk Gladiator began the quest for the Orb.
     0 | D:1      | Reached XP level 1. HP: 16/16 MP: 1/1
   118 | D:1      | Reached XP level 2. HP: 14/23 MP: 2/2
   358 | D:1      | Reached skill level 5 in Polearms
   407 | D:1      | Reached XP level 3. HP: 20/28 MP: 3/3
   820 | D:2      | Found a sacrificial altar of Ru.
   831 | D:2      | Found a snail-covered altar of Cheibriados.
   971 | D:2      | Reached skill level 6 in Polearms
  1101 | D:2      | Reached XP level 4. HP: 33/35 MP: 4/4
  1187 | D:2      | Became a worshipper of Ru the Awakened
  1303 | D:2      | Found an iron altar of Okawaru.
  1664 | D:3      | Noticed a centaur
  1672 | D:3      | Killed a centaur
  1672 | D:3      | Reached skill level 7 in Polearms
  1672 | D:3      | Reached XP level 5. HP: 9/42 MP: 5/5
  1932 | D:3      | Noticed Natasha
  1949 | D:3      | Killed Natasha
  1978 | D:3      | Noticed Natasha
  2181 | D:3      | Killed Natasha
  2181 | D:3      | Reached skill level 8 in Polearms
  2181 | D:3      | Reached XP level 6. HP: 43/48 MP: 6/6
  2226 | D:3      | Found a bloodstained altar of Trog.
  2418 | D:3      | Noticed Natasha
  2424 | D:3      | Killed Natasha
  2544 | D:3      | Found a stormy altar of Qazlal.
  2885 | D:4      | Reached skill level 5 in Fighting
  2885 | D:4      | Reached skill level 9 in Polearms
  2885 | D:4      | Reached XP level 7. HP: 54/56 MP: 7/7
  2911 | D:4      | Gained mutation: You cannot study or use magical devices. [Ru sacrifice]
  2911 | D:4      | Reached * piety under Ru
  2911 | D:4      | Reached ** piety under Ru
  3271 | D:4      | Reached skill level 10 in Polearms
  3629 | D:5      | Entered Level 5 of the Dungeon
  3687 | D:5      | Noticed Heartnet's ghost (novice DsGl)
  3724 | D:5      | Slain by Heartnet's ghost

Skill      XL: |  1  2  3  4  5  6  7 |
---------------+----------------------+-----
Polearms       | 5 6 7 8 9 10 | 10.6
Fighting       | 3 4 5 |  5.6
Throwing       | |  2.0
Dodging        | |  4.0

Action                   |  1- 3 |  4- 6 |  7- 9 || total
-------------------------+-------+-------+-------++-------
Melee: Trident           |    42 |       |       ||    42
       Halberd           |    46 |   165 |   102 ||   313
Throw: Javelin           |       |       |     3 ||     3
Invok: Sacrifice Artific |       |       |     1 ||     1
  Use: Potion            |     2 |     2 |     2 ||     6
       Scroll            |     2 |     3 |     1 ||     6
 Stab: Sleeping          |       |     3 |     1 ||     4
  Eat: Chunk             |     1 |     5 |     3 ||     9
Armor: Leather armour    |    13 |    46 |    24 ||    83
Dodge: Dodged            |    55 |    97 |    44 ||   196
